 Dungeon Crawl Stone Soup version 0.28.0-1-gb440e238dd (webtiles) character file.

Game seed: 7233961656184513363

61 Bearnado the Skirmisher (level 3, -8/51 HPs)
             Began as a Minotaur Berserker on Feb 25, 2022.
             Was a Believer of Trog.
             Mangled by Jessica (15 damage)
             ... on level 2 of the Dungeon.
             The game lasted 00:03:14 (1393 turns).

Bearnado the Skirmisher (Minotaur Berserker)        Turns: 1393, Time: 00:03:15

Health: -8/51      AC:  3    Str: 23    XL:     3   Next: 83%
Magic:  2/2        EV: 12    Int:  4    God:    Trog [**....]
Gold:   84         SH:  0    Dex:  9    Spells: 2/2 levels left

rFire   . . .      SeeInvis .   a - +0 spear
rCold   . . .      Faith    .   (no shield)
rNeg    . . .      Spirit   .   f - +0 leather armour
rPois   .          Reflect  .   (helmet restricted)
rElec   .          Harm     .   (no cloak)
rCorr   .          Rampage  .   (no gloves)
Will    .....                   (no boots)
Stlth   ..........              (no amulet)
HPRegen 0.17/turn               (no ring)
MPRegen 0.08/turn               (no ring)

@: berserking, very quick
A: horns 2, retaliatory headbutt
a: Renounce Religion, Berserk, Trog's Hand


You were on level 2 of the Dungeon.
You worshipped Trog.
Trog was pleased with you.
You visited 1 branch of the dungeon, and saw 2 of its levels.

You collected 84 gold pieces.

Inventory:

Hand Weapons
 a - a +0 spear (weapon)
Missiles
 d - 27 bolts
 n - 4 arrows
Armour
 b - a +0 animal skin
 f - a +0 leather armour (worn)
Scrolls
 e - a scroll of silence {unknown}
 h - a scroll of torment {unknown}
 i - a scroll of teleportation {unknown}
 j - a scroll of fear {unknown}
 l - a scroll of amnesia {unknown}
 m - a scroll of fog {unknown}
Potions
 c - a potion of curing {unknown}
 g - 4 potions of haste {unknown}
 k - 2 potions of mutation {unknown}


   Skills:
 + Level 4.5 Fighting
 + Level 4.5 Polearms
 + Level 2.7 Armour
 + Level 2.7 Dodging
 + Level 0.1 Stealth


You had 2 spell levels left.
You didn't know any spells.
Your spell library was empty.

Dungeon Overview and Level Annotations

Branches:
Dungeon (2/15)

Altars:

Annotations:
D:2 Jessica


Innate Abilities, Weirdness & Mutations

You have a pair of horns on your head.
You reflexively headbutt those who attack you in melee.


Message History

You feel sick. The adder bites you.
You hit the adder.
You kill the adder!
Trog accepts your kill.
You feel sick.
Jessica the Apprentice Sorceress comes into view.
She is wielding a +2 dagger of electrocution.
You feel sick.
Jessica shouts!
You see here an adder corpse.
You feel sick.
Jessica points at you and mumbles some strange words.
You resist with some effort.
You feel sick.
Jessica looks very angry.
Jessica gestures wildly while chanting.
Jessica blinks!
You feel sick.
You feel sick.
You are no longer poisoned.
You now have 84 gold pieces (gained 10).
There are no items here.
There is a stone staircase leading down here.
You start resting.
Jessica is nearby!
A red film seems to cover your vision as you go berserk!
You feel yourself moving faster!
You feel mighty!
You are too injured to fight recklessly!
You are too injured to fight recklessly!
You are too injured to fight recklessly!
You are too injured to fight recklessly!
You feel a strong urge to attack something.
Jessica gestures at you while chanting. Pain shoots through your body!
* * * LOW HITPOINT WARNING * * *
You puncture Jessica!
Jessica is almost dead.
Jessica hits you with a +2 dagger of electrocution.
* * * LOW HITPOINT WARNING * * *
You are electrocuted!
You die...

#..###.....###......
#..####..............
..................... ##.
###...#........... . #.
####...##.....######## .
...#.........##..##.....##.
.........>####.........#..
.........@#####........#..
.........@##(...#.........
.............####.......#.
...........#####....).....
..........#####..##.......
.........###....##........
........## #.#####........
##>####.# ##.# #........ #
#.# #..# ##....... #.# #.##
##......


You could see Jessica.

Vanquished Creatures
  A gnoll (D:1)
  An adder (D:2)
  3 worms (D:2)
  A dart slug (D:1)
  5 bats
  5 endoplasms
  2 giant cockroaches (D:1)
  2 goblins (D:2)
  A hobgoblin (D:1)
  3 kobolds
  A quokka (D:1)
  3 ball pythons
  A frilled lizard (D:1)
  3 rats
32 creatures vanquished.

Notes
Turn   | Place    | Note
-------+----------+-------------------------------------------
     0 | D:1      | Bearnado the Minotaur Berserker began the quest for the
                  | Orb.
     0 | D:1      | Reached XP level 1. HP: 19/19 MP: 0/0
   432 | D:1      | Reached XP level 2. HP: 27/27 MP: 1/1
   853 | D:1      | Reached XP level 3. HP: 8/33 MP: 2/2
  1350 | D:2      | Reached ** piety under Trog
  1365 | D:2      | Noticed Jessica
  1393 | D:2      | Mangled by Jessica

Illustrated notes

Levels and vault maps discovered:
D:1:      shiori_angband_town, layout_basic
D:2:      layout_rooms, uniq_jessica, uniq_crazy_yiuf_cottage

Skill      XL: |  1  2 |
---------------+-------+-----
Polearms       | 4 |  4.5
Fighting       | 4 |  4.5
Armour         | |  2.7
Dodging        | |  2.7
Stealth        | |  0.1

Action                   || total
-------------------------++-------
Melee: Spear             ||    96
       Headbutt          ||    10
Invok: Berserk           ||     3
Armor: Animal skin       ||     2
       Leather armour    ||    11
Dodge: Dodged            ||    45
